 Dungeon Crawl Stone Soup version 0.30-a0-269-gf0224bf7b6 (webtiles) character file.

Game seed: 833250553735592147

97766 hikkokomori the Warrior (level 16, -1/108 HPs)
             Began as a Tengu Berserker on Oct 15, 2022.
             Was a High Priest of Trog.
             Killed from afar by a deep elf knight (20 damage)
             ... with a shard of ice
             ... on level 1 of the Elven Halls.
             The game lasted 01:02:03 (22392 turns).

hikkokomori the Warrior (Tengu Berserker)          Turns: 22392, Time: 01:02:07

Health: -1/108     AC: 21    Str: 18    XL:     16   Next: 20%
Magic:  17/17      EV: 41    Int:  8    God:    Trog [*****.]
Gold:   2165       SH:  7    Dex: 21    Spells: 15/15 levels left

rFire   + + .      SeeInvis .    U - +4 demon blade (vorpal)
rCold   + . .      Faith    .    B - +0 buckler
rNeg    . . .      Spirit   .    E - +1 fire dragon scales
rPois   .          Reflect  .    I - +2 hat
rElec   .          Harm     .    j - +2 cloak {rC+}
rCorr   .          Rampage  .    R - +1 pair of gloves of Rauqefeh {rC+ Regen+ Stlth+}
Will    ++...                    (boots unavailable)
Stlth   +++.......               F - amulet of the acrobat
HPRegen 1.18/turn                L - ring of willpower
MPRegen 0.15/turn                M - +4 ring of evasion

@: on berserk cooldown, acrobatic, flying quickly and evasively, slowed,
studying Polearms, very slow
A: beak, talons 3, nimble flight
a: Renounce Religion, Berserk, Trog's Hand, Brothers in Arms


You were on level 1 of the Elven Halls.
You worshipped Trog.
Trog was extremely pleased with you.
You visited 4 branches of the dungeon, and saw 21 of its levels.
You also visited: Bailey and Ice Cave.

You collected 2420 gold pieces.
You spent 255 gold pieces at shops.

Inventory:

Hand Weapons
 e - a +3 eveningstar of flaming
 o - a +2 dagger of electrocution
 q - a +3 antimagic quick blade
 r - a +4 scimitar of flaming
 S - a +6 dagger of chaos
 U - a +4 vorpal demon blade (weapon)
Missiles
 p - 2 throwing nets (quivered)
Armour
 j - a +2 cloak of cold resistance (worn)
 y - a +2 ring mail of willpower
 B - a +0 buckler (worn)
 E - +1 fire dragon scales (worn)
 G - a +3 leather armour of cold resistance
 I - a +2 hat (worn)
 Q - +0 steam dragon scales
 R - the +1 pair of gloves of Rauqefeh (worn) {rC+ Regen+ Stlth+}
   (You acquired it on level 5 of the Lair of Beasts)

   rC:        It protects you from cold.
   Regen:     It increases your rate of health regeneration.
   Stlth:     It makes you more stealthy.
Jewellery
 b - the ring of Linearity {Ice Fly rPois Str+4 Dex-5}
   (You found it on level 10 of the Dungeon)

   [ring of ice]

   It enhances your ice magic.
   Str:       It affects your strength (+4).
   Dex:       It affects your dexterity (-5).
   rF:        It makes you vulnerable to fire.
   rC:        It protects you from cold.
   rPois:     It protects you from poison.
   Fly:       It grants you flight.
 h - a ring of protection from fire
 F - an amulet of the acrobat (around neck)
 L - a ring of willpower (left hand)
 M - a +4 ring of evasion (right hand)
 X - a ring of resist corrosion
 Z - an amulet of magic regeneration
Wands
 f - a wand of digging (2)
 n - a wand of flame (29)
 s - a wand of iceblast (8)
 J - a wand of light (14)
 P - a wand of paralysis (15)
 Y - a wand of polymorph (12)
Scrolls
 g - 5 scrolls of poison
 m - a scroll of enchant weapon
 u - 2 scrolls of magic mapping
 x - 6 scrolls of teleportation
 C - a scroll of vulnerability
 D - 2 scrolls of immolation
 H - 3 scrolls of fear
 K - 2 scrolls of blinking
 T - 4 scrolls of fog
 V - a scroll of brand weapon
Potions
 c - a potion of cancellation {unknown}
 d - 3 potions of magic
 k - 5 potions of resistance
 l - 3 potions of mutation
 t - 3 potions of might
 v - 3 potions of lignification
 w - 6 potions of curing
 z - 3 potions of invisibility
 A - 3 potions of haste
 N - 2 potions of ambrosia
 O - 3 potions of brilliance
 W - 3 potions of heal wounds
Miscellaneous
 a - a condenser vane
 i - a tin of tremorstones (1/2)


   Skills:
 + Level 15.3 Fighting
 - Level 7.0(10.9) Short Blades
 - Level 13.0(13.6) Long Blades
 + Level 11.0 Armour
 - Level 15.1 Dodging
 - Level 6.2 Stealth
 - Level 8.0 Shields
 - Level 7.8 Evocations


You had 15 spell levels left.
You didn't know any spells.
Your spell library contained the following spells:

 Spells                   Type           Power      Damage    Failure   Level
 Blink                    Tloc           0%         N/A       94%         2
 Momentum Strike          Conj/Tloc      0%         3d8       94%         2
 Scorch                   Fire           0%         2d5       94%         2
 Lesser Beckoning         Tloc           0%         N/A       99%         3
 Vhi's Electric Charge    Tloc/Air       0%         N/A       99%         3
 Flame Wave               Conj/Fire      0%         2d4       100%        4
 Arcjolt                  Conj/Air       0%         1d10      100%        5
 Summon Cactus Giant      Summ           0%         N/A       100%        6
 Maxwell's Capacitive Co  Air            0%         ∞         100%        8


Dungeon Overview and Level Annotations

Branches:
Dungeon (13/15)            Temple (0/1) D:7            Lair (5/5) D:8
 Shoals (0/4) Lair:2       Spider (0/4) Lair:2        Slime (0/5) Lair:4
    Orc (2/2) D:12            Elf (1/3) Orc:2        Bailey (visited)
  IceCv (visited)
 Vaults: D:13-14

Altars:
Ashenzari
Cheibriados
Fedhas
Gozag
Hepliaklqana
Makhleb
Okawaru
Sif Muna
Trog
Uskayaw
Vehumet
Wu Jian
Xom
Yredelemnul
The Shining One

Shops:
D:10 (   Orc:1 =[   Orc:2 !::?

Annotations:
Lair:4 1 runed translucent door, 2 transporters


Innate Abilities, Weirdness & Mutations

You have a beak for a mouth.
You have claws for feet.
Your magical nature lets you fly swiftly and evasively.


Message History

The deep elf zephyrmancer is almost dead.
The deep elf zephyrmancer misses you.
You slice the deep elf zephyrmancer!!
You kill the deep elf zephyrmancer!
Trog accepts your kill.
Trog appreciates your killing of a magic user.
Your Armour skill increases to level 11!
You feel sick.
The deep elf high priest mumbles some strange prayers to its god against you.
Something smites you!
You hear a shout!
Items here: )))) [ †.
Something blocks your attack.
You claw something.
You feel sick.
You are no longer poisoned.
Something closely misses you.
You slash something! Your kick misses something. Your peck misses something.
The deep elf high priest utters a dark prayer and points at you.
Your life force is offered up.
You miss something. Your kick misses something. You peck something!
You hear some strange, mumbled words.
A lance of force appears from out of thin air!
The lance of force hits you!
* * * LOW HITPOINT WARNING * * *
You are knocked back by the lance of force.
You slam into the rock wall!
* * * LOW HITPOINT WARNING * * *
You feel a strong urge to attack something.
You are no longer berserk.
You are exhausted.
You feel yourself slow down.
You hear some strange, mumbled words.
A shard of ice appears from out of thin air!
The shard of ice misses you.
You hear some strange, mumbled words.
A shard of ice appears from out of thin air!
The shard of ice misses you.
You hear some strange, mumbled words.
A shard of ice appears from out of thin air!
The shard of ice hits you!! You partially resist.
You die...

,,+,,,,,,** *,,* *8..e$$.°.8
***,,,,,** *,,* *8........8
**,,,** *,,* ##(.#))#..*
**,** *,,* #8.).))e,,8 ***
##++## *8.).),,,,8 ##....##
##''#++#++* # ###
##......####ee.......* ###.##
*#.......{#)).########*
.....## #...##@##.)e###
#.##..# #####...##### ...#.##
##.........## ##...##
##......)....## .#.#.##
##.............## ...#..#
#...###...###...# .#.#.##
#...# #...# #...# .#...#
##...###...###...##
.#.#.###...[.............#***


There were no monsters in sight!

Vanquished Creatures
  Gastronok (D:12)
  Kirke (D:11)
  Azrael (D:12)
  The ghost of chippings the Carver, a journeyman MfTm of Sif Muna (D:10)
  Erolcha (D:10)
  A fire dragon (Lair:5)
  A deep elf high priest (Elf:1)
  3 hydras
  An ogre mage (Orc:2)
  Erica (D:9)
  A centaur warrior (D:11)
  A boulder beetle (Lair:5)
  6 two-headed ogres
  3 dancing weapons (Elf:1)
  16 death yaks
  3 orc high priests
  A sixfirhy (D:9)
  A deep elf knight (Elf:1)
  Lodul (D:11)
  A skeletal warrior (D:12)
  5 deep elf zephyrmancers (Elf:1)
  A deep elf archer (Elf:1)
  10 orc knights
  4 deep elf pyromancers (Elf:1)
  4 lindwurms
  3 ugly things
  4 cyclopes
  4 orc sorcerers
  2 merfolk sirens (Lair:2)
  15 elephants
  8 black mambas
  3 molten gargoyles (Lair:5)
  Joseph (D:7)
  3 ice statues (IceCv)
  2 torpor snails (Lair:5)
  Maggie (D:8)
  3 kobold demonologists
  2 unseen horrors
  10 cane toads
  5 rime drakes
  16 komodo dragons
  2 ice devils (Lair:3)
  A freezing wraith (IceCv)
  2 merfolk (Lair:2)
  3 trolls
  6 polar bears
  Grinder (D:3)
  A raiju (shapeshifter) (D:11)
  10 dream sheep (Lair:5)
  16 blink frogs
  Sigmund (D:2)
  A culicivora (Lair:2)
  2 spriggans (Bailey)
  3 wyverns
  An air elemental (Elf:1)
  A shadow (D:12)
  27 yaks
  2 vampires
  2 fire elementals
  2 basilisks
  5 steam dragons
  A death yak simulacrum (IceCv)
  3 wargs
  Menkaure (D:7)
  A harpy simulacrum (IceCv)
  An acid dragon (D:11)
  5 hell hounds
  Duvessa (D:7)
  A hydra simulacrum (IceCv)
  11 water moccasins
  28 orc warriors
  An ice beast (D:5)
  4 black bears
  21 ogres
  5 wolves
  A boggart (D:10)
  15 centaurs
  10 kobold brigands
  A phantom (D:6)
  11 bullfrogs
  2 necrophages
  An earth elemental (Elf:1)
  A gnoll sergeant (D:12)
  2 cane toad simulacra
  A scorpion (D:5)
  11 wights
  Dowan (D:7)
  An elephant simulacrum (IceCv)
  18 killer bees
  9 howler monkeys
  2 crimson imps (D:7)
  4 hounds
  6 lava snakes
  20 orc priests
  A jelly (D:7)
  Crazy Yiuf (D:3)
  A gnoll bouda (Orc:1)
  Jessica (D:2)
  5 iguanas
  Ijyb (D:3)
  16 orc wizards
  5 polar bear simulacra
  2 wolf simulacra (Lair:3)
  Robin (D:2)
  23 gnolls
  2 naga simulacra (Lair:3)
  4 adders
  2 shadow imps (D:8)
  A white imp (D:6)
  3 ufetubi
  4 dart slugs
  62 orcs
  3 ball pythons
  3 bats
  2 endoplasms (D:3)
  5 giant cockroaches
  15 goblins
  12 hobgoblins
  12 jackals
  5 quokkas
  16 frilled lizards
  25 kobolds
  3 rats (D:1)
678 creatures vanquished.

Vanquished Creatures (collateral kills)
  A centaur warrior (D:12)
  A death yak (Lair:5)
  2 orc high priests (Orc:2)
  2 orc knights (Orc:2)
  An orc sorcerer (Orc:2)
  A komodo dragon (Lair:5)
  A dream sheep (Lair:5)
  2 fire elementals (D:12)
  An acid dragon (D:12)
  2 hell hounds (D:12)
  3 orc warriors (Orc:2)
  3 orc priests
  2 orc wizards (Orc:2)
  2 orcs (Orc:2)
24 creatures vanquished.

Vanquished Creatures (others)
  A polar bear (Lair:3)
  A yak (Lair:3)
  4 humans (D:12)
  2 orc warriors
  An orc priest (Orc:2)
  2 orcs
  24 fungi
  34 plants
  2 withered plants (D:10)
71 creatures vanquished.

Grand Total: 773 creatures vanquished

Notes
Turn   | Place    | Note
-------+----------+-------------------------------------------
     0 | D:1      | hikkokomori the Tengu Berserker began the quest for the
                  | Orb.
     0 | D:1      | Reached XP level 1. HP: 14/14 MP: 2/2
    71 | D:1      | Reached XP level 2. HP: 19/19 MP: 3/3
   334 | D:1      | Reached XP level 3. HP: 21/23 MP: 4/4
   335 | D:1      | Reached skill level 1 in Long Blades
   453 | D:1      | Reached ** piety under Trog
   800 | D:2      | Noticed Robin
   819 | D:2      | Reached XP level 4. HP: 20/28 MP: 5/5
   835 | D:2      | Killed Robin
   960 | D:2      | Noticed Jessica
   960 | D:2      | Noticed Sigmund
   963 | D:2      | Killed Jessica
   964 | D:2      | Gained mutation: Your magical nature lets you fly swiftly
                  | and evasively. [Tengu growth]
   964 | D:2      | Reached XP level 5. HP: 33/33 MP: 6/6
  1399 | D:2      | Killed Sigmund
  1400 | D:2      | Reached XP level 6. HP: 39/39 MP: 7/7
  1725 | D:3      | Found a faded altar of an unknown god.
  1783 | D:3      | Noticed Grinder
  1812 | D:3      | Killed Grinder
  1813 | D:3      | Reached skill level 5 in Fighting
  1813 | D:3      | Reached XP level 7. HP: 36/44 MP: 8/8
  1817 | D:3      | Reached skill level 5 in Dodging
  1892 | D:3      | Found an ornate altar of the Wu Jian Council.
  2033 | D:3      | Found a runed translucent door.
  2034 | D:3      | Noticed Crazy Yiuf
  2050 | D:3      | Noticed Ijyb
  2070 | D:3      | Killed Ijyb
  2314 | D:3      | Found a faded altar of an unknown god.
  2427 | D:3      | Killed Crazy Yiuf
  3164 | D:4      | Identified the +7 trident of Reason {vorpal, rPois rF+ rN+
                  | Str+4}
  3166 | D:4      | Found a hide-covered altar of Uskayaw.
  3448 | D:5      | Entered Level 5 of the Dungeon
  3464 | D:5      | Reached XP level 8. HP: 50/50 MP: 9/9
  3618 | D:5      | Found a blossoming altar of Fedhas.
  3650 | D:5      | Reached *** piety under Trog
  3862 | D:5      | Found a bloodstained altar of Trog.
  4085 | D:6      | Reached skill level 5 in Short Blades
  4106 | D:6      | Reached skill level 5 in Armour
  4382 | D:6      | Found a shimmering blue altar of Sif Muna.
  4452 | D:6      | Reached XP level 9. HP: 54/56 MP: 10/10
  4648 | D:6      | Found a hazy altar of Hepliaklqana.
  4885 | D:7      | Reached **** piety under Trog
  4953 | D:7      | Found a staircase to the Ecumenical Temple.
  5212 | D:7      | Found a burning altar of Makhleb.
  5262 | D:7      | Found a shimmering altar of Xom.
  5279 | D:7      | Reached skill level 1 in Stealth
  5280 | D:7      | Found an iron altar of Okawaru.
  5347 | D:7      | Noticed Menkaure
  5349 | D:7      | Killed Menkaure
  5350 | D:7      | Reached skill level 1 in Shields
  5378 | D:7      | Noticed Duvessa
  5381 | D:7      | Noticed Dowan
  5395 | D:7      | Killed Duvessa
  5396 | D:7      | Killed Dowan
  5458 | D:7      | Found a broken altar of Ashenzari.
  5499 | D:7      | Noticed Joseph
  5603 | D:7      | Killed Joseph
  5604 | D:7      | Reached XP level 10. HP: 45/63 MP: 11/11
  6122 | D:8      | Noticed a death yak
  6123 | D:8      | Noticed a death yak
  6151 | D:7      | Killed a death yak
  6330 | D:8      | Found a glowing golden altar of the Shining One.
  6403 | D:8      | Found a staircase to the Lair.
  6468 | D:8      | Noticed Maggie
  6483 | D:8      | Killed Maggie
  6594 | D:8      | Noticed a death yak
  6608 | D:8      | Noticed a death yak
  6615 | D:8      | Killed a death yak
  6616 | D:8      | Reached skill level 5 in Stealth
  6616 | D:8      | Noticed a death yak
  6704 | D:8      | Killed a death yak
  6707 | D:8      | Killed a death yak
  6708 | D:8      | Reached skill level 5 in Shields
  6708 | D:8      | Reached XP level 11. HP: 69/69 MP: 12/12
  6709 | D:8      | Killed a death yak
  7071 | D:9      | Noticed Erica
  7092 | D:9      | Killed Erica
  7140 | D:9      | Reached skill level 10 in Dodging
  7307 | D:9      | Found a flagged portal.
  7353 | Bailey   | Entered a bailey
  7445 | Bailey   | Noticed a two-headed ogre
  7661 | Bailey   | Killed a two-headed ogre
  7925 | D:9      | Found a runed translucent door.
  7925 | D:9      | Noticed a sixfirhy
  8003 | D:9      | Identified the +4 whip "Demonbane" {flame, Str+2}
  8052 | D:9      | Noticed a cyclops
  8064 | D:9      | Reached ***** piety under Trog
  8079 | D:9      | Killed a cyclops
  8080 | D:9      | Reached skill level 5 in Long Blades
  8252 | D:9      | Killed a sixfirhy
  8253 | D:9      | Reached skill level 10 in Fighting
  8329 | D:10     | Entered Level 10 of the Dungeon
  8341 | D:10     | Noticed Erolcha
  8350 | D:10     | Killed Erolcha
  8357 | D:10     | Reached XP level 12. HP: 27/77 MP: 13/13
  8583 | D:10     | Found a runed translucent door.
  8583 | D:10     | Noticed chippings's ghost (journeyman MfTm)
  8615 | D:10     | Found a basalt altar of Yredelemnul.
  8677 | D:10     | Found an opulent altar of Gozag.
  8739 | D:10     | Found Xinourum's Weapon Shoppe.
  8848 | D:10     | Found a snail-covered altar of Cheibriados.
  8973 | D:10     | Identified the ring of Linearity {Ice Fly rPois Str+4
                  | Dex-5}
  9293 | D:10     | Killed chippings's ghost
  9353 | D:11     | Noticed a centaur warrior
  9358 | D:11     | Noticed a two-headed ogre
  9362 | D:11     | Killed a centaur warrior
  9370 | D:11     | Noticed a sun demon
  9370 | D:11     | Killed a two-headed ogre
  9374 | D:11     | Noticed a soul eater
  9706 | D:11     | Noticed Lodul
  9720 | D:11     | Reached skill level 1 in Evocations
  9728 | D:11     | Killed Lodul
 10344 | D:12     | Noticed Kirke
 10357 | D:11     | Killed Kirke
 10382 | D:12     | Noticed Gastronok
 10500 | D:12     | Killed Gastronok
 10509 | D:12     | Reached XP level 13. HP: 84/84 MP: 14/14
 10512 | D:12     | Found a staircase to the Orcish Mines.
 10635 | D:12     | Noticed Azrael
 10983 | D:12     | Killed Azrael
 11855 | Lair:1   | Entered Level 1 of the Lair of Beasts
 12081 | Lair:1   | Reached skill level 5 in Evocations
 12182 | Lair:1   | Received a gift from Trog
 13600 | Lair:2   | Found a hole to the Spider Nest.
 13972 | Lair:2   | Found a staircase to the Shoals.
 13977 | Lair:2   | Reached skill level 10 in Long Blades
 14000 | Lair:2   | Reached XP level 14. HP: 80/92 MP: 15/15
 14268 | Lair:3   | Found a frozen archway.
 14329 | IceCv    | Entered an ice cave
 14378 | IceCv    | Identified the +5 broad axe of Meager Punishment
                  | {antimagic, Fly rElec Str+3 Int+6}
 15373 | Lair:3   | Received a gift from Trog
 16146 | Lair:4   | Found a runed translucent door.
 16147 | Lair:4   | Found a staircase to the Slime Pits.
 16147 | Lair:4   | Noticed an acid blob
 16147 | Lair:4   | Noticed an acid blob
 16147 | Lair:4   | Noticed an acid blob
 16433 | Lair:4   | Found a transporter.
 16623 | Lair:4   | Found a transporter.
 17350 | Lair:5   | Entered Level 5 of the Lair of Beasts
 17424 | Lair:5   | Reached XP level 15. HP: 52/99 MP: 16/16
 17975 | Lair:5   | Found a large runed translucent door.
 17975 | Lair:5   | Found a large runed translucent door.
 19121 | Lair:5   | Reached skill level 15 in Dodging
 19148 | Lair:5   | Found a basalt altar of Yredelemnul.
 19462 | Lair:5   | Identified a scroll of acquirement
 19462 | Lair:5   | Acquired the +1 pair of gloves of Rauqefeh {rC+ Regen+
                  | Stlth+}
 19732 | Orc:1    | Entered Level 1 of the Orcish Mines
 19732 | Orc:1    | Found a radiant altar of Vehumet.
 19955 | Orc:1    | Found Awiz's Armour Emporium.
 20093 | Orc:1    | Found Tioll's Jewellery Shop.
 20196 | Orc:1    | Received a gift from Trog
 20661 | Orc:2    | Entered Level 2 of the Orcish Mines
 21487 | Orc:2    | Reached skill level 10 in Armour
 21498 | Orc:2    | Found Rik Mog's Magic Scroll Emporium.
 21498 | Orc:2    | Found Rilaggil's Distillery.
 21499 | Orc:2    | Found Caih's Book Boutique.
 21499 | Orc:2    | Found Mofrothre's Book Boutique.
 21514 | Orc:2    | Bought a potion of might for 40 gold pieces
 21514 | Orc:2    | Bought a potion of heal wounds for 50 gold pieces
 21514 | Orc:2    | Bought a potion of heal wounds for 50 gold pieces
 21528 | Orc:2    | Bought a scroll of enchant weapon for 82 gold pieces
 21528 | Orc:2    | Bought a scroll of teleportation for 33 gold pieces
 21733 | Orc:2    | Found a staircase to the Elven Halls.
 21898 | Elf:1    | Entered Level 1 of the Elven Halls
 21905 | Elf:1    | Received a gift from Trog
 21921 | Elf:1    | Reached XP level 16. HP: 107/107 MP: 17/17
 22000 | Elf:1    | Reached skill level 15 in Fighting
 22343 | Elf:1    | Paralysed by an air elemental for 1 turns
 22392 | Elf:1    | Killed from afar by a deep elf knight

Illustrated notes

Levels and vault maps discovered:
D:1:      minmay_arrival_stone_box, layout_rooms, serial_corexii_hall,
          corexii_hall_statues_i, corexii_hall_statues_u
D:2:      layout_loops_ring, uniq_jessica, uniq_robin, uniq_sigmund
D:3:      layout_basic, mainiacjoe_overflow_surrounded_room,
          nicolae_overflow_ecumenical_swirl, nicolae_ecumenical_pavilion,
          uniq_grinder, uniq_crazy_yiuf_cottage, uniq_ijyb
D:4:      layout_loops_ring, eat_drink_and_be_merry_uskayaw,
          hangedman_abyss_or_decor_lesser_grid, grunt_ministairs_5,
          corexii_shack, nicolae_zen_rock_garden
D:5:      layout_cave_pools, kennysheep_mini, mainiacjoe_overflow_24_doors
D:6:      layout_loops_ring, mainiacjoe_overflow_concentric_impassable,
          kennysheep_mini_moat, minmay_misc_feat_square, minmay_lizard_king
D:7:      layout_loops_cross, cheibrodos_ashenzari_chains, led_xom_imps,
          old_standard_altar, mainiacjoe_overflow_tiny_flanked, temple_hall,
          columned_hall_lemuel, uniq_duvessa, uniq_menkaure, uniq_joseph
D:8:      layout_rooms, nicolae_tso_swordbearing_angel, dpeg_lair_monsters,
          minmay_misc_feat_nine_boxes, hex_tiny, minmay_manual_mares,
          uniq_maggie
D:9:      cheibrodos_shockbox, layout_rooms, enter_bailey_3, uniq_erica
D:10:     layout_cave_pools, cheibriados_altar_1, mainiacjoe_overflow_catwalk,
          mainiacjoe_overflow_cross_hatched, serial_shops, nicolae_shop_crystal,
          gammafunk_ghost_grave, kennysheep_island_fort, uniq_erolcha
D:11:     layout_loops_ring, uniq_lodul
D:12:     layout_cross, kennysheep_orc_monster_closet_entryway, uniq_kirke,
          uniq_gastronok, uniq_azrael
D:13:     layout_long_grid, skrybe_vaults_entry_preservation,
          nemelex_diamond_rough_becter
Lair:1:   layout_chaotic_city, nicolae_lair_lindhole
Lair:2:   layout_cave_pods, elwin_shoals_entry_stream, spider_nest_entry_rubble,
          beast_lair_carwin_9, lemuel_fruit_tree, serial_bayou_shore_b,
          grunt_megastairs_2, infiniplex_staircase_pool
Lair:3:   dreamdust_isle_of_ice, layout_misc_corridors, portal_ice_cave_rime,
          grunt_megastairs_4
Lair:4:   gammafunk_worm_tunnel, layout_cave_pods, slime_entry_2
Lair:5:   cheibrodos_lair_end_hotspot, layout_misc_corridors, basic_altar,
          serial_bayou_shore_b
Orc:1:    cheibrodos_orc_arena, layout_caves, basic_altar, serial_shops,
          nicolae_diamond_shop, guppyfry_orc_lava_fort
Orc:2:    st_orc_elflike, layout_diamond_mine
Elf:1:    minmay_elf_arrival_circle, layout_gridlike, orc_legates,
          nicolae_concentric_dashed_squares_wild

Skill      XL: |  1  2  3  4  5  6  7  8  9 10 11 12 13 14 15 16 |
---------------+-------------------------------------------------+-----
Long Blades    | 1 2 3 4 5 8 10 11 13 | 13.0
Armour         | 3 4 5 6 7 10 11 | 11.0
Dodging        | 3 4 5 6 7 9 10 12 13 14 15 | 15.1
Fighting       | 4 5 6 7 8 10 11 12 13 14 15 | 15.3
Short Blades   | 4 5 7 |  7.0
Stealth        | 3 5 6 |  6.2
Shields        | 2 5 7 8 |  8.0
Evocations     | 3 6 7 |  7.8

Action                   |  1- 3 |  4- 6 |  7- 9 | 10-12 | 13-15 | 16-18 || total
-------------------------+-------+-------+-------+-------+-------+-------++-------
Melee: Short sword       |    94 |    91 |    10 |       |       |       ||   195
       Kick              |    25 |    20 |   116 |   162 |   522 |    19 ||   864
       Peck              |    13 |    14 |    71 |   127 |   328 |    21 ||   574
       Punch             |     1 |       |     4 |       |       |       ||     5
       Dagger            |       |       |   364 |   225 |    74 |       ||   663
       Scimitar          |       |       |       |   290 |  1135 |       ||  1425
       Demon blade       |       |       |       |       |     2 |    65 ||    67
Invok: Berserk           |       |     4 |     3 |    18 |    12 |     1 ||    38
       Trog's Hand       |       |     2 |     1 |     5 |     1 |       ||     9
       Brothers in Arms  |       |       |       |       |     3 |       ||     3
Evoke: Wand              |       |       |       |     6 |    16 |       ||    22
       Condenser vane    |       |       |       |     1 |     1 |       ||     2
       Tin of tremorston |       |       |       |       |     2 |     1 ||     3
  Use: Scroll            |     4 |     3 |     3 |    10 |    16 |     1 ||    37
       Potion            |       |     1 |       |     1 |     1 |       ||     3
 Stab: Sleeping          |       |       |     2 |     6 |     6 |     2 ||    16
       Distracted        |       |       |     1 |       |     4 |       ||     5
       Invisible         |       |       |       |     2 |       |       ||     2
       Confused          |       |       |       |     6 |       |       ||     6
Armor: Animal skin       |    10 |     9 |    10 |       |       |       ||    29
       Leather armour    |       |       |    69 |    62 |   125 |       ||   256
       Fire dragon scale |       |       |       |       |    29 |     4 ||    33
Dodge: Dodged            |    51 |    64 |   235 |   564 |  1256 |    48 ||  2218
Block: Buckler           |       |       |       |   143 |   415 |    15 ||   573

Table legend: (Time is in decaauts)
 A = Elapsed time spent in this place.
 B = Non-inter-level travel time spent in this place.
 C = Inter-level travel time spent in this place.
 D = Time resting spent in this place.
 E = Time spent auto-exploring this place.
 F = Levels seen in this place.
 G = Mean time per level.
                   A        B        C        D        E       F      G
               +--------+--------+--------+--------+--------+-----+--------+
         Total |  20984 |  20137 |    847 |   2709 |  12507 |  23 |  912.3 |
       Dungeon |  10832 |  10287 |    545 |    892 |   6864 |  13 |  833.2 |
          Lair |   6656 |   6403 |    253 |    806 |   4240 |   5 | 1331.2 |
  Orcish Mines |   1995 |   1947 |     48 |    611 |    770 |   2 |  997.5 |
   Elven Halls |    425 |    425 |      0 |      0 |    278 |   1 |  425.0 |
        Bailey |    436 |    436 |      0 |    156 |    195 |   1 |  436.0 |
      Ice Cave |    638 |    638 |      0 |    241 |    158 |   1 |  638.0 |
               +--------+--------+--------+--------+--------+-----+--------+

Top non-repeatable levels by time:
  Lair:5: 1910 daAuts
    D:11: 1463 daAuts
  Lair:4: 1357 daAuts
  Lair:2: 1297 daAuts
   Orc:2: 1165 daAuts
     D:7: 1155 daAuts
  Lair:3: 1125 daAuts
     D:8: 1029 daAuts
     D:9: 1013 daAuts
     D:2: 987 daAuts
  Lair:1: 966 daAuts
    D:12: 948 daAuts
    D:10: 841 daAuts
   Orc:1: 829 daAuts
     D:4: 812 daAuts
